cohdb
Replays
Latest Replays
All Replays
Popular Replays
Top Player Replays
Match Explorer
How It Works
Community
CoH3 Stats
Reddit
Sign in to upload your games and track your stats! →
Sign in with Steam
Match 47131827
Unlisted
Match 47131827
Overview
Messages
Build Orders
End
Construct Section Command Post
Vickers Machine Gun Team
Selects Canadian Shock Battlegroup
Infantry Section
Dingo Light Scout Car
Infantry Section
Selects Attacking Spirit
Selects Canadian Shock Section
Canadian Shock Section
Selects Incendiary Munitions
Construct Platoon Command Post
6-pounder Anti-tank Gun Team
Construct Company Command Post
Selects Pyrotechnics
Construct Field Infirmary
Matilda II Heavy Tank
Armored Vehicle Training
CMP 15cwt Truck
Grenade Package
Unlock M3 Stuart Light Tanks
Forward Retreat Point
M3 Stuart Light Tank
ML 3-inch Mortar Team
ML 3-inch Mortar Team
Selects Churchill Crocodile Heavy Tank
Crusader II Medium Tank
Unlock Towed 17-pounder Anti-tank Guns
Selects Point Assault
17-pounder Anti-tank Gun Team
Team Weapon Training
Point Assault
darkkillerman
LegendDeath
[M8] Comrade Dyatlov
UH|dun! ツ
UH|ck
iceman
0
0
Comments
sign in to comment!
No comments posted yet!